 Dungeon Crawl Stone Soup version 0.28-a0-1143-gcf6077d4cc (webtiles) character file.

Game seed: 15547704707944604489

2387 pokeman the Thaumaturge (level 9, -1/49 HPs)
             Began as a Deep Elf Hedge Wizard on Dec 13, 2021.
             Slain by a jelly (3 damage)
             ... on level 6 of the Dungeon.
             The game lasted 00:15:31 (9649 turns).

pokeman the Thaumaturge (Deep Elf Hedge Wizard)     Turns: 9649, Time: 00:15:31

Health: -1/49      AC:  1    Str: 13    XL:     9   Next: 22%
Magic:  19/26      EV: 12    Int: 24    God:
Gold:   308        SH:  0    Dex: 14    Spells: 9/30 levels left

rFire   . . .      SeeInvis .   a - +1 flail (drain)
rCold   . . .      Faith    .   (no shield)
rNeg    . . .      Spirit   .   q - +0 leather armour
rPois   .          Reflect  .   f - +0 helmet
rElec   .          Harm     .   (no cloak)
rCorr   .          Rampage  .   x - +0 pair of gloves
Will    .....                   (no boots)
Stlth   ++........              (no amulet)
HPRegen 0.16/turn               h - ring of flight
MPRegen 0.20/turn               i - +6 ring of strength

@: corroded, flying
A: no striking features
a: no special abilities


You were on level 6 of the Dungeon.
You visited 1 branch of the dungeon, and saw 6 of its levels.
You also visited: Sewer.

You collected 308 gold pieces.

Inventory:

Hand Weapons
 a - a +1 flail of draining (weapon)
Missiles
 k - 76 bolts
 l - 68 arrows
Armour
 f - a +0 helmet (worn)
 q - a +0 leather armour (worn)
 x - a +0 pair of gloves (worn)
Jewellery
 h - a ring of flight (left hand)
 i - a +6 ring of strength (right hand)
 j - an amulet of faith
Scrolls
 b - a scroll of amnesia {unknown}
 d - 6 scrolls of identify {unknown}
 r - a scroll of brand weapon {unknown}
 s - a scroll of fog {unknown}
 t - 2 scrolls of teleportation {unknown}
 u - a scroll of fear {unknown}
 y - 2 scrolls of enchant armour {unknown}
Potions
 c - a potion of degeneration {unknown}
 e - 2 potions of might {unknown}
 g - 2 potions of heal wounds
 m - a potion of attraction {unknown}
 n - 8 potions of flight
 o - 3 potions of curing
 p - 2 potions of ambrosia {unknown}
 v - a potion of berserk rage {unknown}
 w - 2 potions of mutation {unknown}


   Skills:
 + Level 2.7 Fighting
 - Level 3.0 Armour
 - Level 3.0 Dodging
 - Level 3.0 Stealth
 * Level 11.1 Spellcasting
 + Level 6.0 Conjurations
 - Level 1.1 Summonings
 - Level 1.1 Translocations
 + Level 5.2 Fire Magic
 - Level 1.0 Air Magic
 - Level 1.0 Poison Magic


You had 9 spell levels left.
You knew the following spells:

 Your Spells              Type           Power      Damage    Failure   Level
a - Magic Dart            Conj           100%       1d8       1%          1
b - Mephitic Cloud        Conj/Pois/Air  26%        N/A       6%          3
c - Call Imp              Summ           18%        N/A       6%          2
d - Blink                 Tloc           36%        N/A       6%          2
e - Conjure Flame         Conj/Fire      40%        6-21      1%          3
f - Shock                 Conj/Air       100%       1d9       1%          1
g - Swiftness             Air            18%        N/A       12%         3
h - Starburst             Conj/Fire      20%        6d7       65%         6

Your spell library contained the following spells:

 Spells                   Type           Power      Damage    Failure   Level
 Dazzling Flash           Conj/Hex       54%        N/A       5%          3
 Slow                     Hex            52%        N/A       6%          1
 Iskenderun's Mystic Bla  Conj/Tloc      30%        2d8       14%         4
 Airstrike                Air            9%         N/A       36%         4


Dungeon Overview and Level Annotations

Branches:
Dungeon (6/15)              Sewer (visited)
 Temple: D:4-7

Altars:
Cheibriados

Shops:
D:2 (

Annotations:
D:6 Menkaure


Message History

You are confused.
The scorpion is engulfed in noxious fumes.
The scorpion appears confused.
Unknown command.
You are engulfed in noxious fumes.
You choke on the stench!
You are more confused.
You're too confused to move!
You are engulfed in noxious fumes.
The scorpion is engulfed in noxious fumes.
The scorpion appears confused.
The scorpion barely misses you. The jelly barely misses you.
The scorpion is engulfed in noxious fumes.
The scorpion appears confused.
The scorpion stings you.
You hit the scorpion.
The scorpion is severely wounded.
You feel less confused.
The orc wizard seems less confused.
The jelly misses you.
The scorpion is engulfed in noxious fumes.
The scorpion appears confused.
The jelly closely misses you.
The scorpion barely misses Menkaure.
The orc wizard points at you and mumbles some strange words.
The puff of flame hits you.
Menkaure gestures wildly while chanting.
Menkaure seems to speed up.
There is an open door here.
Casting: Mephitic Cloud (dangerous; 6% risk of failure)
Confirm with . or Enter, or press ? or * to list all spells.
You blink.
Menkaure hits you!
* * * LOW HITPOINT WARNING * * *
The jelly hits you.
* * * LOW HITPOINT WARNING * * *
The acid corrodes you!
You are splashed with acid!
* * * LOW HITPOINT WARNING * * *
The orc wizard mumbles some strange words.
The orc wizard flickers and vanishes!
Deactivating autopickup; reactivate with Ctrl-A.
Menkaure barely misses you.
You feel stable enough to blink again. The jelly hits you.
You die...

....# #.......# ....#
#+###.......# ....#
#########...#.......#
....#
#.......#...#.......#
....#
#.......#...#.......#
....#
#.......#...#.......#
....#
#.......#.M.'.......#
....#
#.......#...#.......#
....#
##....###@J.#.......#
....#
###'#####...#.......#
....#
#...........{.......#
....#
#.<.........#.......+
....#
#.....##....#.......#
....#
#.....##....#########
...######....##.....#
...##..##....##.....#
.......#............#


You could see Menkaure (fast) and a jelly.

Vanquished Creatures
  Sigmund (D:4)
  Eustachio (D:4)
  A water moccasin (D:4)
  Duvessa (D:4)
  A black bear (D:4)
  A necrophage (D:4)
  2 ogres (D:4)
  3 phantoms
  A kobold brigand (Sewer)
  Blork the orc (D:6)
  A wyvern zombie (D:5)
  A scorpion (D:5)
  2 water moccasin skeletons (D:4)
  3 wights (D:6)
  Dowan (D:4)
  A vampire bat (D:5)
  3 orc priests (D:6)
  3 hounds
  Jessica (D:3)
  4 iguanas
  Natasha (thrice) (D:4)
  An orc wizard (D:6)
  A hound skeleton (D:4)
  7 gnolls
  11 adders
  A river rat (D:3)
  A white imp (D:6)
  An ufetubus (D:5)
  A worm (D:3)
  An adder zombie (D:5)
  3 dart slugs
  6 orcs
  9 endoplasms
  3 giant cockroaches (D:1)
  11 goblins
  9 hobgoblins
  9 jackals
  2 quokkas (D:2)
  9 ball pythons
  7 bats
  2 frilled lizards (D:2)
  7 kobolds
  14 rats
152 creatures vanquished.

Vanquished Creatures (collateral kills)
  2 rats (Sewer)
2 creatures vanquished.

Grand Total: 154 creatures vanquished

Notes
Turn   | Place    | Note
-------+----------+-------------------------------------------
     0 | D:1      | pokeman the Deep Elf Hedge Wizard began the quest for the
                  | Orb.
     0 | D:1      | Reached XP level 1. HP: 10/10 MP: 7/7
   305 | D:1      | Reached XP level 2. HP: 16/16 MP: 5/9
  1066 | D:1      | Reached skill level 5 in Spellcasting
  1411 | D:1      | Reached XP level 3. HP: 20/20 MP: 7/11
  1419 | D:1      | Learned a level 3 spell: Mephitic Cloud
  1422 | D:1      | Learned a level 2 spell: Call Imp
  1425 | D:1      | Learned a level 2 spell: Blink
  1429 | D:1      | Learned a level 3 spell: Conjure Flame
  1883 | D:2      | Reached skill level 1 in Fighting
  2071 | D:2      | Reached skill level 1 in Armour
  2241 | D:2      | Reached XP level 4. HP: 25/25 MP: 10/13
  2642 | D:2      | Found Wouxeb's Weapon Boutique.
  3073 | D:3      | Noticed Jessica
  3074 | D:3      | Killed Jessica
  3075 | D:3      | Reached skill level 1 in Fire Magic
  3181 | D:3      | Reached skill level 6 in Spellcasting
  3219 | D:3      | Found a glowing drain.
  3228 | Sewer    | Entered a sewer
  3242 | Sewer    | Reached XP level 5. HP: 21/29 MP: 3/15
  3469 | Sewer    | Reached skill level 1 in Air Magic
  3737 | Sewer    | Found a white marble altar of Elyvilon.
  4911 | D:3      | Found a faded altar of an unknown god.
  4999 | D:4      | Noticed Sigmund
  5053 | D:4      | Noticed an ogre
  5058 | D:4      | Noticed Duvessa
  5164 | D:3      | Reached XP level 6. HP: 22/34 MP: 8/17
  5299 | D:3      | Reached skill level 1 in Poison Magic
  5368 | D:4      | Noticed Dowan
  5775 | D:4      | Learned a level 1 spell: Shock
  5788 | D:4      | Learned a level 3 spell: Swiftness
  5834 | D:4      | Killed Duvessa
  5835 | D:4      | Reached skill level 7 in Spellcasting
  5836 | D:4      | Noticed Eustachio
  5845 | D:4      | Killed Dowan
  5936 | D:4      | Reached XP level 7. HP: 39/39 MP: 17/20
  5947 | D:4      | Killed Eustachio
  5997 | D:4      | Reached skill level 8 in Spellcasting
  6026 | D:4      | Killed Sigmund
  6417 | D:4      | Learned a level 6 spell: Starburst
  6497 | D:4      | Noticed Natasha
  6500 | D:4      | Killed Natasha
  6551 | D:4      | Reached XP level 8. HP: 44/44 MP: 17/22
  6781 | D:4      | Reached skill level 9 in Spellcasting
  6903 | D:4      | Noticed Natasha
  6912 | D:4      | Killed Natasha
  7062 | D:4      | Noticed Natasha
  7068 | D:4      | Killed Natasha
  7390 | D:4      | Reached skill level 5 in Conjurations
  7608 | D:5      | Entered Level 5 of the Dungeon
  7630 | D:4      | Reached skill level 10 in Spellcasting
  8236 | D:5      | Found a snail-covered altar of Cheibriados.
  8404 | D:5      | Reached XP level 9. HP: 30/48 MP: 19/25
  8854 | D:6      | Reached skill level 5 in Fire Magic
  9386 | D:6      | Reached skill level 11 in Spellcasting
  9464 | D:6      | Noticed Blork the orc
  9474 | D:6      | Killed Blork the orc
  9621 | D:6      | Noticed Menkaure
  9648 | D:6      | HP: 2/49 [acid (9)]
  9649 | D:6      | Slain by a jelly

Illustrated notes

Levels and vault maps discovered:
D:1:      matt_arrival_los_fun, layout_loops_corners
D:2:      layout_basic, serial_shops, nicolae_shop_bloodbath_and_beyond
D:3:      layout_loops_corners, portal_sewer_entry_e,
          hellmonk_ecumenical_altar_leap_of_faith, uniq_jessica
D:4:      minmay_chambers_of_threes, layout_basic, uniq_duvessa, uniq_sigmund,
          uniq_natasha, uniq_eustachio
D:5:      layout_rooms, lemuel_crystal_altar, minmay_misc_feat_rugged,
          roderic_batcave, nicolae_concentric_dashed_squares_mild,
          minmay_crystal_room
D:6:      layout_gridville, uniq_menkaure, uniq_blork_the_orc

Skill      XL: |  1  2  3  4  5  6  7  8  9 |
---------------+----------------------------+-----
Spellcasting   | 5 6 7 8 10 11 | 11.1
Fighting       | 1 2 |  2.7
Armour         | 1 3 |  3.0
Conjurations   | 2 3 4 5 6 |  6.0
Dodging        | 3 |  3.0
Fire Magic     | 1 2 3 4 5 |  5.2
Air Magic      | 1 |  1.0
Stealth        | 3 |  3.0
Poison Magic   | 1 |  1.0
Summonings     | |  1.1
Translocations | |  1.1

Action                   |  1- 3 |  4- 6 |  7- 9 || total
-------------------------+-------+-------+-------++-------
Melee: Dagger            |       |    26 |       ||    26
       Flail             |       |     6 |    52 ||    58
 Cast: Magic Dart        |   104 |   150 |   178 ||   432
       Mephitic Cloud    |       |     8 |    20 ||    28
       Conjure Flame     |       |     4 |    14 ||    18
       Blink             |       |     2 |    10 ||    12
       Call Imp          |       |     1 |     6 ||     7
 Stab: Sleeping          |       |     1 |       ||     1
       Confused          |       |     1 |     5 ||     6
Armor: Robe              |     9 |    10 |       ||    19
       Leather armour    |       |       |    19 ||    19
Dodge: Dodged            |    16 |    50 |    60 ||   126

Table legend: (Time is in decaauts)
 A = Elapsed time spent in this place.
 B = Non-inter-level travel time spent in this place.
 C = Inter-level travel time spent in this place.
 D = Time resting spent in this place.
 E = Time spent auto-exploring this place.
 F = Levels seen in this place.
 G = Mean time per level.
                   A        B        C        D        E       F      G
               +--------+--------+--------+--------+--------+-----+--------+
         Total |   9681 |   9269 |    412 |   1128 |   6714 |   7 | 1383.0 |
       Dungeon |   9133 |   8721 |    412 |   1017 |   6357 |   6 | 1522.2 |
         Sewer |    548 |    548 |      0 |    111 |    357 |   1 |  548.0 |
               +--------+--------+--------+--------+--------+-----+--------+

Top non-repeatable levels by time:
     D:4: 2348 daAuts
     D:3: 2083 daAuts
     D:1: 1798 daAuts
     D:2: 1209 daAuts
     D:6: 864 daAuts
     D:5: 828 daAuts
   Sewer: 548 daAuts
